[ PARTIDA AOE2 · #513834492 ]
UnrankedBúlgaros vs Georgians
Equipo del jugador · VICT
[ ANÁLISIS DE REPETICIÓN · EXTRAÍDO DE LA PARTIDA GRABADA ]
Feudal
—
Castillos
—
Imperial
—
| APM promedio | 27.8 |
| APM pico | 37 |
| eAPM promedio | 10.2 |
| Aldeanos / militares | 6 / 0 |
Foco
⚔️ 25.9% · 🌾 74.1%
Feudal
—
Castillos
—
Imperial
—
| APM promedio | 61.6 |
| APM pico | 76 |
| eAPM promedio | 19.4 |
| Aldeanos / militares | 9 / 0 |
Foco
⚔️ 6.5% · 🌾 93.5%
Mapa de la partida
Recursos iniciales + cada clic de construcción. Líneas = muros · curvas = relieve. ◆ oro · ⬟ piedra · ● bayas · ✦ reliquia · ◌ hueco del cierre
Tu base
Base de | Cimerian | CONANJD
Terreno inicial suavizado · ◌ = hueco del cierre detectado · pasá el cursor para detalles
Inputs por minuto
— Ares - - | Cimerian | CONANJD
Build order — Ares
10 acciones detectadas en el replay
| 0:01 | Encolar | Villager (Male) |
| 0:01 | Encolar | Villager (Male) |
| 0:02 | Encolar | Villager (Male) |
| 0:02 | Construir | House |
| 0:05 | Construir | House |
| 0:12 | Encolar | Villager (Male) |
| 0:45 | Investigar | Loom |
| 1:22 | Encolar | Villager (Male) |
| 1:52 | Encolar | Villager (Male) |
| 2:04 | Construir | Mill |
Build order — | Cimerian | CONANJD
13 acciones detectadas en el replay
| 0:01 | Encolar | Villager (Male) |
| 0:02 | Encolar | Villager (Male) |
| 0:02 | Encolar | Villager (Male) |
| 0:02 | Encolar | Villager (Male) |
| 0:03 | Construir | House |
| 0:06 | Construir | House |
| 0:41 | Investigar | Loom |
| 0:42 | Investigar | Loom |
| 1:52 | Encolar | Villager (Male) |
| 1:53 | Encolar | Villager (Male) |
| 2:57 | Encolar | Villager (Male) |
| 3:00 | Encolar | Villager (Male) |
| 3:00 | Encolar | Villager (Male) |
Cronología de la partida
| 3:48 | | Cimerian | CONANJD · resign |
[ ANÁLISIS IA · 1 CRÉDITO ]
¿Qué pasó realmente en esta partida?
Wolo.gg analiza cada decisión: build order, eco, micro, errores típicos por bracket. Análisis personalizado por WhatsApp o Discord en 30 segundos.
Guía civ
Búlgaros
Perfil
Jugador #17992396